 Dungeon Crawl Stone Soup version 0.20.1-1-g8b1a95d (webtiles) character file.

126 miragecloak the Cudgeler (level 5, -1/41 HPs)
             Began as a Formicid Abyssal Knight on July 4, 2017.
             Was a Follower of Lugonu.
             Slain by a water moccasin (9 damage)
             ... on level 7 of the Dungeon.
             The game lasted 00:05:36 (4179 turns).

miragecloak the Cudgeler (Formicid Abyssal Knight)  Turns: 4179, Time: 00:05:36

Health: -1/41      AC:  5    Str: 20    XL:     5   Next: 31%
Magic:  6/6        EV: 11    Int: 12    God:    Lugonu [*.....]
Gold:   122        SH:  0    Dex: 10    Spells: 4/4 levels left

rFire    . . .     SeeInvis +   a - +1 mace
rCold    . . .     Gourm    .   (no shield)
rNeg     . . .     Faith    .   b - +0 leather armour
rPois    .         Spirit   .   (helmet unavailable)
rElec    .         Reflect  .   (no cloak)
rCorr    .         Harm     .   (no gloves)
MR       .....                  (no boots)
Stlth    +.........             (no amulet)
Regen    0.2/turn               d - +3 ring of strength
MPRegen  0.1/turn               o - +2 ring of protection

@: no status effects
A: permanent stasis, dig shafts and tunnels, four strong arms, antennae 3
a: Dig, Shaft Self, Depart the Abyss, Renounce Religion


You were on level 7 of the Dungeon.
You worshipped Lugonu.
Lugonu was aware of your devotion.
You were near starving.

You visited 1 branch of the dungeon, and saw 8 of its levels.
You visited the Abyss 1 time.

You collected 122 gold pieces.

Inventory:

Hand Weapons
 a - a +1 mace (weapon)
Armour
 b - a +0 leather armour (worn)
Jewellery
 d - a +3 ring of strength (left hand)
 o - a +2 ring of protection (right hand)
Scrolls
 e - 5 scrolls of identify {unknown}
 k - 2 scrolls of recharging {unknown}
 m - a scroll of noise {unknown}
 n - a scroll of brand weapon {unknown}
Potions
 f - a potion of curing
 g - 2 potions of might {unknown}
 h - 2 potions of mutation {unknown}
 i - 2 potions of degeneration {unknown}
 j - a potion of agility {unknown}
 l - a potion of berserk rage {unknown}
Comestibles
 c - 2 bread rations


   Skills:
 - Level 3.2 Fighting
 + Level 5.1 Maces & Flails
 - Level 2.1 Armour
 - Level 0.8 Dodging
 - Level 2.1 Invocations


You had 4 spell levels left.
You didn't know any spells.

Dungeon Overview and Level Annotations

Branches:
Dungeon (8/15)
 Temple: D:4-7         Lair: D:8-11

Altars:
Cheibriados
Okawaru

Annotations:
D:3 polve's ghost, amateur DrTm
D:4 Duvessa


Innate Abilities, Weirdness & Mutations

You cannot be hasted, slowed, berserked, paralysed or teleported.
You can dig through walls and to a lower floor.
Your four strong arms can wield two-handed weapons with a shield.
You have a pair of large antennae on your head. (SInv)


Message History

The water moccasin is heavily wounded.
You feel sick. The water moccasin bites you.
* * * LOW HITPOINT WARNING * * *
You closely miss the water moccasin.
The water moccasin is heavily wounded.
* * * LOW HITPOINT WARNING * * *
You feel sick. The water moccasin bites you.
* * * LOW HITPOINT WARNING * * *
The water moccasin bites you.
* * * LOW HITPOINT WARNING * * *
You feel better. The water moccasin bites you.
* * * LOW HITPOINT WARNING * * *
You closely miss the water moccasin.
The water moccasin is heavily wounded.
The water moccasin barely misses you.
The water moccasin bites you but does no damage.
You hit the water moccasin but do no damage.
The water moccasin is heavily wounded.
The water moccasin bites you!
You die...

#########
#..#######........
#.....S@......##.
....$####....>....
##. #>.....##
####.### #


You could see a water moccasin.

Vanquished Creatures
  A gnoll (D:2)
  5 adders
  2 oozes
  2 worms (D:2)
  2 dart slugs (D:2)
  3 orcs (D:3)
  3 giant cockroaches
  5 goblins
  6 hobgoblins
  6 jackals
  4 kobolds
  A quokka (D:2)
  2 bats
  5 frilled lizards (D:1)
  6 rats
53 creatures vanquished.

Notes
Turn   | Place    | Note
-------+----------+-------------------------------------------
     0 | Abyss:1  | miragecloak the Formicid Abyssal Knight began the quest for the Orb.
     0 | Abyss:1  | Reached XP level 1. HP: 18/18 MP: 2/2
    38 | Abyss:1  | Noticed a blink frog
    40 | D:1      | Escaped the Abyss
   198 | D:1      | Reached XP level 2. HP: 21/24 MP: 3/3
   383 | D:1      | Reached skill level 3 in Maces & Flails
   475 | D:1      | Reached * piety under Lugonu
   602 | D:1      | You fall through a shaft!
   603 | D:2      | Found an iron altar of Okawaru.
   646 | D:2      | Found a snail-covered altar of Cheibriados.
   650 | D:2      | Reached XP level 3. HP: 19/29 MP: 4/4
  1491 | D:1      | You fall through a shaft!
  1951 | D:2      | Reached skill level 4 in Maces & Flails
  1951 | D:2      | Reached XP level 4. HP: 25/35 MP: 5/5
  2771 | D:3      | Noticed polve's ghost (amateur DrTm)
  3668 | D:3      | Reached XP level 5. HP: 41/41 MP: 6/6
  3923 | D:4      | Noticed Duvessa
  3932 | D:4      | You fall through a shaft for 2 floors!
  3994 | D:5      | Entered Level 5 of the Dungeon
  4046 | D:5      | Reached skill level 5 in Maces & Flails
  4087 | D:5      | Noticed a phantom
  4105 | D:5      | You fall through a shaft for 3 floors!
  4164 | D:7      | Noticed a water moccasin
  4176 | D:7      | HP: 2/41 [water moccasin (6)]
  4179 | D:7      | Slain by a water moccasin

Skill      XL: |  1  2  3  4  5 |
---------------+----------------+-----
Maces & Flails | 3 4 5 |  5.1
Fighting       | |  3.2
Armour         | |  2.1
Dodging        | |  0.8
Invocations    | |  2.1

Action                   |  1- 3 |  4- 6 || total
-------------------------+-------+-------++-------
Melee: Mace              |    87 |    87 ||   174
Invok: Depart the Abyss  |     1 |       ||     1
 Abil: Shaft Self        |     1 |     2 ||     3
       Dig               |     1 |       ||     1
  Use: Potion            |       |     3 ||     3
  Eat: Bread ration      |     1 |     1 ||     2
       Chunk             |     1 |       ||     1
Armor: Leather armour    |    30 |    24 ||    54
Dodge: Dodged            |    70 |    62 ||   132
